Map: Blackpink LE

Players

Nerchio

  • Race: Zerg Zerg
  • Spawn Location: 1:00

Serral - Winner!

  • Race: Zerg Zerg
  • Spawn Location: 7:00

Event: WCS Leipzig 2018

VOD

Have the link to the VOD?

Description

Time

  • Played on: Jan. 27, 2018, 12:24 p.m.
  • Length: 12:10

All games in this series

Show
View Real Time Build Order
Export as new Build Order

Nerchio Zerg 

Build Orders: Hatch First, Lurkers 

Get SALT Encoding   

  12  0:00  Drone  
  13  0:12  Overlord  
  13  0:17  Drone  
  14  0:31  Drone x2  
  14  0:34  Drone  
  17  0:51  Hatchery  
  17  0:54  Drone  
  17  0:58  Drone  
  18  1:07  Extractor  
  17  1:13  Spawning Pool  
  17  1:15  Drone  
  17  1:19  Drone  
  18  1:28  Drone  
  19  1:42  Overlord  
  19  1:49  Drone  
  20  1:59  Queen  
  22  2:03  Zergling x2, Queen  
  22  2:04  Zergling x2  
  22  2:06  Metabolic Boost  
  26  2:11  Zergling x2  
  26  2:14  Drone  
  28  2:22  Drone  
  29  2:24  Drone  
  30  2:32  Baneling Nest, Drone  
  30  2:37  Zergling x2  
  31  2:47  Queen  
  31  2:48  Overlord  
  31  2:50  Zergling x2  
  34  2:54  Drone  
  34  2:57  Drone  
  36  3:09  Hatchery  
  36  3:11  Drone  
  35  3:15  Drone  
  35  3:16  Drone  
  35  3:19  Drone  
  37  3:21  Baneling, Drone  
  37  3:24  Drone  
  37  3:26  Baneling  
  39  3:29  Drone  
  39  3:30  Zergling x2  
  39  3:31  Baneling  
  39  3:33  Baneling  
  41  3:35  Zergling x2  
  41  3:39  Zergling x2  
  43  3:43  Overlord  
  43  3:45  Overlord  
  43  3:50  Overlord  
  42  3:57  Overlord  
  42  3:58  Evolution Chamber  
  42  4:01  Drone x2  
  42  4:02  Drone  
  43  4:05  Drone x2  
  43  4:08  Drone  
  43  4:09  Drone  
  47  4:13  Zergling x2  
  48  4:18  Drone  
  49  4:24  Zerg Missile Weapons Level 1  
  49  4:25  Drone x2  
  49  4:26  Drone  
  49  4:28  Extractor x2  
  50  4:37  Zergling x2  
  49  4:39  Drone x2  
  49  4:40  Roach Warren  
  49  4:43  Baneling x2, Overlord  
  50  4:46  Drone x2  
  50  4:47  Drone  
  53  4:53  Drone  
  53  4:54  Drone x4  
  53  4:56  Drone  
  53  4:57  Drone  
  59  5:05  Lair  
  57  5:08  Zergling x2  
  57  5:09  Zergling x4  
  59  5:14  Zergling x2  
  59  5:15  Zergling x6  
  59  5:20  Zergling x8  
  66  5:21  Drone  
  66  5:26  Zergling x6  
  68  5:33  Drone x3  
  68  5:34  Drone x3  
  74  5:36  Drone  
  74  5:38  Baneling x2  
  74  5:40  Drone  
  74  5:41  Drone  
  74  5:42  Drone x2  
  77  5:48  Drone, Queen  
  77  5:49  Drone  
  81  5:51  Drone  
  81  5:52  Overlord  
  80  6:00  Drone x2  
  80  6:01  Drone  
  82  6:05  Zergling x4  
  83  6:11  Roach x3  
  83  6:12  Roach  
  83  6:13  Roach  
  83  6:16  Glial Reconstitution  
  83  6:21  Extractor, Roach x2  
  83  6:22  Extractor  
  83  6:23  Roach x3  
  83  6:24  Baneling x2, Roach  
  93  6:29  Zerg Missile Weapons Level 2  
  93  6:31  Extractor  
  93  6:32  Overlord  
  92  6:34  Overlord  
  92  6:36  Roach  
  93  6:43  Overlord  
  92  6:47  Roach  
  92  6:48  Roach x2, Overlord  
  98  6:55  Drone x2  
  98  6:56  Hatchery  
  98  6:59  Roach x3  
  98  7:00  Hydralisk Den, Overseer  
  104  7:02  Roach  
  104  7:07  Unknown, Roach x2  
  110  7:09  Drone  
  110  7:12  Evolution Chamber  
  110  7:16  Overlord  
  110  7:20  Drone x2  
  110  7:21  Drone x3  
  115  7:27  Pneumatized Carapace, Roach x3  
  115  7:29  Roach  
  123  7:33  Hydralisk, Lurker Den  
  123  7:36  Hydralisk  
  126  7:43  Ravager  
  123  7:47  Zerg Ground Armor Level 1, Hydralisk  
  125  7:51  Hydralisk  
  125  7:54  Overlord  
  125  7:56  Hydralisk x2  
  131  7:59  Hydralisk  
  131  8:02  Overlord  
  131  8:03  Hydralisk  
  131  8:04  Extractor  
  134  8:06  Hydralisk  
  134  8:07  Overlord  
  134  8:11  Roach x3  
  142  8:13  Roach  
  142  8:15  Roach  
  142  8:18  Overlord  
  146  8:20  Overlord  
  146  8:24  Roach x2  
  146  8:26  Roach  
  148  8:27  Roach  
  148  8:30  Roach  
  148  8:31  Roach  
  148  8:33  Roach  
  154  8:36  Roach x2  
  154  8:38  Roach  
  154  8:40  Roach  
  160  8:41  Roach  
  160  8:43  Roach  
  160  8:46  Roach  
  160  8:48  Roach  
  168  8:49  Roach  
  168  8:52  Roach  
  168  8:53  Roach  
  162  8:57  Roach  
  162  8:58  Roach  
  162  9:00  Roach  
  148  9:03  Roach  
  148  9:06  Roach  
  148  9:09  Roach  
  142  9:11  Roach  
  142  9:14  Lurker x2  
  142  9:17  Roach  
  148  9:18  Roach  
  148  9:20  Roach  
  148  9:23  Roach  
  154  9:24  Roach  
  154  9:26  Roach  
  154  9:29  Hydralisk  
  160  9:35  Hydralisk  
  160  9:36  Hydralisk  
  160  9:41  Hydralisk  
  162  9:46  Hydralisk  
  162  9:49  Hydralisk  
  166  9:55  Roach  
  166  9:56  Roach x2  
  166  9:59  Roach  
  158  10:01  Roach  
  158  10:04  Hydralisk  
  158  10:10  Hydralisk  
  158  10:11  Hydralisk  
  149  10:14  Hydralisk  
  143  10:22  Hydralisk x2  
  143  10:24  Drone x3  
  143  10:26  Roach x3  
  154  10:29  Hydralisk  
  154  10:31  Roach  
  154  10:32  Drone x6  
  154  10:33  Drone  
  165  10:38  Roach x2  
  169  10:44  Muscular Augments  
  169  10:45  Hydralisk  
  169  10:46  Unknown  
  169  10:51  Hydralisk  
  169  10:53  Hydralisk  
  169  10:56  Hydralisk  
  165  11:01  Roach x2  
  165  11:02  Roach x2  
  157  11:06  Roach x3  
  157  11:08  Roach  
  157  11:10  Roach  
  145  11:11  Roach  
  145  11:12  Roach  
  145  11:17  Roach  
  139  11:19  Roach  
  139  11:20  Roach  
  139  11:21  Roach  
  127  11:28  Lurker  
  127  11:30  Roach  
  127  11:32  Roach  
  130  11:34  Roach  
  130  11:36  Roach  
  130  11:37  Roach  
  130  11:38  Extractor  
  130  11:39  Roach  
  137  11:40  Spore Crawler  
  137  11:41  Roach  
  137  11:43  Roach  
  137  11:45  Roach  
  142  11:53  Lurker  
  142  11:54  Spore Crawler  
Show
View Real Time Build Order
Export as new Build Order

Serral Zerg - Winner!

Build Orders: Hatch First 

Get SALT Encoding   

  12  0:00  Drone  
  13  0:12  Overlord  
  13  0:17  Drone  
  14  0:30  Drone  
  14  0:31  Drone  
  14  0:34  Drone  
  17  0:50  Hatchery  
  17  0:53  Drone  
  17  0:57  Drone  
  18  1:07  Extractor  
  17  1:11  Spawning Pool  
  17  1:15  Drone  
  17  1:17  Drone  
  18  1:28  Drone  
  19  1:38  Overlord  
  19  1:58  Queen  
  19  1:59  Zergling x2  
  19  2:00  Zergling x2  
  23  2:02  Queen  
  23  2:03  Zergling x2  
  23  2:06  Metabolic Boost  
  26  2:10  Drone  
  26  2:14  Drone  
  29  2:22  Drone  
  29  2:23  Drone  
  30  2:37  Hatchery, Zergling x2  
  30  2:44  Baneling Nest  
  30  2:46  Zergling x2  
  30  2:53  Zergling x4  
  32  3:03  Zergling x4  
  34  3:06  Overlord  
  34  3:08  Drone x2  
  35  3:17  Drone x2  
  36  3:26  Drone x2  
  38  3:28  Baneling x2  
  38  3:30  Zergling x2  
  38  3:31  Drone x3  
  42  3:41  Drone x2, Evolution Chamber  
  44  3:42  Drone  
  43  3:48  Overlord  
  43  3:49  Drone  
  43  3:55  Overlord  
  41  3:57  Drone x2  
  43  4:02  Baneling  
  43  4:03  Overlord  
  43  4:07  Zerg Missile Weapons Level 1  
  43  4:08  Zergling x4  
  45  4:10  Baneling  
  45  4:17  Zergling x6  
  45  4:18  Drone  
  45  4:20  Drone  
  49  4:25  Overlord  
  49  4:26  Extractor  
  49  4:27  Drone x2  
  49  4:28  Drone  
  49  4:29  Drone  
  52  4:33  Overlord  
  52  4:34  Drone  
  52  4:37  Overlord  
  49  4:42  Queen  
  51  4:46  Drone  
  51  4:48  Drone x2  
  51  4:49  Drone  
  51  4:50  Drone  
  51  4:51  Drone  
  57  4:58  Lair  
  57  4:59  Drone  
  59  5:00  Drone  
  59  5:02  Overlord  
  59  5:06  Zergling x4  
  60  5:10  Zergling x4  
  60  5:13  Zergling x4  
  62  5:16  Spore Crawler  
  62  5:17  Zergling x4  
  62  5:20  Drone  
  64  5:25  Extractor  
  64  5:27  Drone x2  
  65  5:28  Roach Warren  
  65  5:29  Drone x3  
  65  5:34  Overlord  
  67  5:35  Drone  
  67  5:36  Drone x2  
  67  5:40  Baneling x4  
  69  5:48  Zergling x4  
  69  5:49  Zergling x6  
  74  5:54  Queen  
  74  5:59  Baneling  
  74  6:00  Baneling  
  74  6:01  Drone x3  
  74  6:03  Zerg Missile Weapons Level 2  
  75  6:04  Drone x2  
  75  6:05  Drone x2  
  75  6:06  Drone  
  75  6:07  Drone  
  75  6:10  Overlord  
  81  6:13  Drone x2  
  81  6:15  Drone  
  82  6:19  Drone x2  
  82  6:22  Extractor  
  82  6:24  Overlord, Evolution Chamber  
  82  6:26  Roach x3  
  82  6:27  Extractor  
  82  6:28  Glial Reconstitution  
  82  6:31  Pneumatized Carapace  
  87  6:32  Overseer  
  85  6:42  Roach x3  
  85  6:43  Drone x3  
  93  6:48  Hatchery  
  93  6:50  Extractor  
  91  6:56  Zerg Ground Armor Level 1  
  91  6:59  Overlord x2  
  91  7:02  Roach x3  
  91  7:04  Roach  
  91  7:06  Roach  
  101  7:09  Roach  
  101  7:10  Roach  
  101  7:11  Roach  
  101  7:15  Unknown, Overlord  
  107  7:20  Baneling x2  
  107  7:21  Roach x4  
  115  7:30  Roach  
  115  7:31  Roach x5  
  115  7:36  Roach x3  
  133  7:39  Roach  
  133  7:46  Overlord  
  133  7:48  Roach x5  
  143  8:01  Roach x6  
  155  8:07  Overlord  
  155  8:10  Roach x4  
  161  8:16  Overlord x2  
  161  8:17  Baneling x4  
  161  8:23  Hydralisk Den  
  158  8:30  Roach x6  
  168  8:36  Roach  
  168  8:37  Roach x3  
  168  8:40  Drone x2  
  173  8:46  Roach x4  
  179  8:48  Drone x2  
  172  8:56  Overlord  
  172  8:59  Roach x4  
  156  9:07  Roach x4  
  152  9:16  Roach x6  
  161  9:17  Ravager x2  
  164  9:24  Ravager x3  
  164  9:27  Queen  
  164  9:30  Drone x3, Extractor, Muscular Augments  
  170  9:33  Roach x2  
  170  9:37  Overlord  
  174  9:38  Roach  
  174  9:47  Roach x5  
  184  9:58  Roach x7  
  184  10:03  Overseer  
  176  10:13  Roach  
  176  10:14  Roach x7  
  167  10:22  Roach  
  167  10:23  Roach x4  
  167  10:27  Ravager x3  
  170  10:32  Overlord  
  170  10:34  Ravager  
  170  10:35  Ravager, Roach  
  174  10:36  Roach x2  
  174  10:38  Overseer, Overlord  
  174  10:39  Overlord  
  178  10:45  Roach x2  
  178  10:53  Roach x6  
  178  10:58  Roach x3  
  174  11:05  Roach x4  
  145  11:22  Roach x8  
  161  11:27  Drone x3  
  161  11:29  Ravager x2  
  161  11:30  Drone  
  167  11:35  Ravager  
  167  11:36  Ravager  
  167  11:37  Drone x4  
  173  11:45  Lurker Den  
Tags
 
Add a new tag
Caveats
  • Supply blocks, unpowered buildings, or Contaminate may cause inaccurate times.
  • Supply counts are checked every 10 seconds.